% Time on Ice - SALEM BLACK JAYS
Lines # - Real PCT - Wanted PCT - Time Play
Normal Forward
1 - 38% - 36% - 17:41
2 - 32% - 31% - 14:40
3 - 23% - 23% - 10:50
4 - 6% - 10% - 2:56
Normal Defense
1 - 34% - 36% - 15:48
2 - 33% - 31% - 15:06
3 - 28% - 23% - 13:05
4 - 5% - 10% - 2:08
PP Forward
1 - 62% - 55% - 1:14
2 - 38% - 45% - 0:45
PP Defense
1 - 33% - 55% - 0:39
2 - 67% - 45% - 1:20
PK Forward
1 - 59% - 55% - 7:04
2 - 41% - 45% - 4:50
PK Defense
1 - 56% - 55% - 6:41
2 - 44% - 45% - 5:13
PK3 Forward
1 - 0% - 55%
2 - 0% - 45%
PK3 Defense
1 - 0% - 55%
2 - 0% - 45%
44 Forward
1 - 0% - 55%
2 - 0% - 45%
44 Defense
1 - 0% - 55%
2 - 0% - 45%
Last Minute Offensive  - 0:00
Last Minute Defensive  - 0:00
Total
Forward - 60:00
Defense - 60:00
% Time on Ice - BOISE CARIBOUS
Lines # - Real PCT - Wanted PCT - Time Play
Normal Forward
1 - 33% - 34% - 15:05
2 - 29% - 32% - 13:18
3 - 24% - 24% - 10:43
4 - 14% - 10% - 6:30
Normal Defense
1 - 34% - 36% - 15:29
2 - 36% - 36% - 16:14
3 - 30% - 28% - 13:53
4 - 0% - 0% - 0:00
PP Forward
1 - 48% - 65% - 5:46
2 - 52% - 35% - 6:08
PP Defense
1 - 56% - 55% - 6:43
2 - 44% - 45% - 5:11
PK Forward
1 - 47% - 50% - 0:56
2 - 53% - 50% - 1:03
PK Defense
1 - 55% - 55% - 1:06
2 - 45% - 45% - 0:53
PK3 Forward
1 - 0% - 55%
2 - 0% - 45%
PK3 Defense
1 - 0% - 55%
2 - 0% - 45%
44 Forward
1 - 0% - 55%
2 - 0% - 45%
44 Defense
1 - 0% - 55%
2 - 0% - 45%
Last Minute Offensive  - 0:00
Last Minute Defensive  - 0:31
Total
Forward - 60:00
Defense - 60:00
Play-by-Play 1st period 0:01 of 1st period - Mathew Barzal wins face-off versus Vincent Trocheck in neutral zone. 0:16 of 1st period - Nick Jensen is hit by Vincent Trocheck and loses puck. 0:38 of 1st period - Minor Penalty to Tim Stutzle for Hooking. 0:39 of 1st period - Dylan Cozens wins face-off versus Jean-Gabriel Pageau in BOISE CARIBOUS zone. 0:44 of 1st period - Shot by Barrett Hayton. 0:44 of 1st period - Stopped by Ilya Sorokin without a rebound. 0:45 of 1st period - Vincent Trocheck wins face-off versus Mitchell Marner in BOISE CARIBOUS zone. 1:35 of 1st period - Icing by Cody Ceci. 1:36 of 1st period - Charlie Coyle wins face-off versus Dylan Larkin in SALEM BLACK JAYS zone. 1:44 of 1st period - Icing by Scott Mayfield. 1:45 of 1st period - Charlie Coyle wins face-off versus Dylan Larkin in SALEM BLACK JAYS zone. 2:07 of 1st period - Icing by Dylan Cozens. 2:08 of 1st period - Jean-Gabriel Pageau wins face-off versus Dylan Cozens in SALEM BLACK JAYS zone. 2:25 of 1st period - Shot by Jean-Gabriel Pageau. 2:25 of 1st period - Stopped by Juuse Saros without a rebound. 2:26 of 1st period - Vincent Trocheck wins face-off versus Dylan Cozens in SALEM BLACK JAYS zone. 2:29 of 1st period - Shot by Vincent Trocheck. 2:29 of 1st period - Shot Misses the Net. 2:34 of 1st period - Off-side. 2:35 of 1st period - Vincent Trocheck wins face-off versus Dylan Cozens in neutral zone. 2:48 of 1st period - Shot by Artturi Lehkonen. 2:48 of 1st period - Goal by Artturi Lehkonen - SALEM BLACK JAYS : 0 - BOISE CARIBOUS : 1. 2:49 of 1st period - Dylan Larkin wins face-off versus Charlie Coyle in neutral zone. 3:04 of 1st period - Shot by Barrett Hayton. 3:04 of 1st period - Stopped by Ilya Sorokin without a rebound. 3:05 of 1st period - Jean-Gabriel Pageau wins face-off versus Dylan Cozens in BOISE CARIBOUS zone. 4:15 of 1st period - Shot by Dylan Larkin. 4:15 of 1st period - Stopped by Ilya Sorokin with a rebound. 4:17 of 1st period - Shot by Martin Necas. 4:17 of 1st period - Shot Misses the Net. 4:19 of 1st period - Shot by Barrett Hayton. 4:19 of 1st period - Stopped by Ilya Sorokin without a rebound. 4:20 of 1st period - Charlie Coyle wins face-off versus Mathew Barzal in BOISE CARIBOUS zone. 4:41 of 1st period - Shot by Mikko Rantanen. 4:41 of 1st period - Deflect By Mitchell Marner. 4:41 of 1st period - Shot Blocked by Rasmus Andersson. 4:43 of 1st period - Shot by Nick Jensen. 4:43 of 1st period - Shot Misses the Net. 4:45 of 1st period - Shot by Mitchell Marner. 4:45 of 1st period - Stopped by Ilya Sorokin with a rebound. 4:47 of 1st period - Shot by Mathew Barzal. 4:47 of 1st period - Stopped by Ilya Sorokin with a rebound. 6:01 of 1st period - Shot by Tim Stutzle. 6:01 of 1st period - Shot Misses the Net. 6:42 of 1st period - Icing by Dylan Larkin. 6:43 of 1st period - Jean-Gabriel Pageau wins face-off versus Dylan Larkin in SALEM BLACK JAYS zone. 7:20 of 1st period - Shot by Daniel Sprong. 7:20 of 1st period - Stopped by Ilya Sorokin without a rebound. 7:21 of 1st period - Daniel Sprong wins face-off versus Jesperi Kotkaniemi in BOISE CARIBOUS zone. 7:40 of 1st period - Shot by Theodor Blueger. 7:40 of 1st period - Stopped by Ilya Sorokin without a rebound. 7:41 of 1st period - Vincent Trocheck wins face-off versus Mathew Barzal in BOISE CARIBOUS zone. 7:41 of 1st period - Vincent Trocheck is hit by Mitchell Marner. 7:47 of 1st period - Shot by Tim Stutzle. 7:47 of 1st period - Stopped by Juuse Saros without a rebound. 7:48 of 1st period - Jean-Gabriel Pageau wins face-off versus Mathew Barzal in SALEM BLACK JAYS zone. 8:03 of 1st period - Shot by Matt Duchene. 8:03 of 1st period - Shot Misses the Net. 8:05 of 1st period - Shot by Olli Maatta. 8:05 of 1st period - Shot Blocked by Joshua Morrissey. 8:47 of 1st period - Vincent Trocheck is hit by Joshua Morrissey and loses puck. 9:12 of 1st period - Shot by Nick Schmaltz. 9:12 of 1st period - Stopped by Juuse Saros without a rebound. 9:13 of 1st period - Charlie Coyle wins face-off versus Dylan Cozens in SALEM BLACK JAYS zone. 9:25 of 1st period - Icing by Dylan Cozens. 9:26 of 1st period - Dylan Cozens wins face-off versus Kaapo Kakko in SALEM BLACK JAYS zone. 9:26 of 1st period - Dylan Cozens is hit by Andrew Cogliano. 10:31 of 1st period - Shot by Nick Schmaltz. 10:31 of 1st period - Shot Misses the Net. 10:33 of 1st period - Shot by Nick Schmaltz. 10:33 of 1st period - Shot Misses the Net. 10:35 of 1st period - Shot by Nick Schmaltz. 10:35 of 1st period - Shot Misses the Net. 10:37 of 1st period - Shot by Vincent Trocheck. 10:37 of 1st period - Shot Misses the Net. 10:57 of 1st period - Tim Stutzle is hit by Scott Mayfield and loses puck. 11:24 of 1st period - Shot by Gabriel Vilardi. 11:24 of 1st period - Shot Misses the Net. 11:26 of 1st period - Shot by Charlie Coyle. 11:26 of 1st period - Shot Blocked by Cody Ceci. 11:28 of 1st period - Shot by Charlie Coyle. 11:28 of 1st period - Stopped by Juuse Saros without a rebound. 11:29 of 1st period - Jean-Gabriel Pageau wins face-off versus Mathew Barzal in SALEM BLACK JAYS zone. 12:16 of 1st period - Shot by Matt Duchene. 12:16 of 1st period - Stopped by Juuse Saros without a rebound. 12:17 of 1st period - Dylan Larkin wins face-off versus Charlie Coyle in SALEM BLACK JAYS zone. 12:56 of 1st period - Charlie Coyle is hit by Barrett Hayton and loses puck. 14:26 of 1st period - Shot by Vincent Trocheck. 14:26 of 1st period - Stopped by Juuse Saros without a rebound. 14:27 of 1st period - Dylan Larkin wins face-off versus Artturi Lehkonen in SALEM BLACK JAYS zone. 15:00 of 1st period - Icing by Rasmus Dahlin. 15:01 of 1st period - Jean-Gabriel Pageau wins face-off versus Mathew Barzal in BOISE CARIBOUS zone. 15:01 of 1st period - Jean-Gabriel Pageau is hit by Mikko Rantanen. 15:17 of 1st period - Icing by Nick Jensen. 15:18 of 1st period - Vincent Trocheck wins face-off versus Mathew Barzal in SALEM BLACK JAYS zone. 15:22 of 1st period - Icing by Joshua Morrissey. 15:23 of 1st period - Mathew Barzal wins face-off versus Vincent Trocheck in SALEM BLACK JAYS zone. 15:54 of 1st period - Icing by Marcus Pettersson. 15:55 of 1st period - Dylan Larkin wins face-off versus Vincent Trocheck in BOISE CARIBOUS zone. 15:58 of 1st period - Shot by Barrett Hayton. 15:58 of 1st period - Shot Misses the Net. 16:49 of 1st period - Icing by Rasmus Andersson. 16:50 of 1st period - Jean-Gabriel Pageau wins face-off versus Dylan Cozens in BOISE CARIBOUS zone. 17:26 of 1st period - Minor Penalty to Joshua Morrissey for Hooking. 17:27 of 1st period - Theodor Blueger wins face-off versus Vincent Trocheck in SALEM BLACK JAYS zone. 18:00 of 1st period - Shot by Matt Duchene. 18:00 of 1st period - Shot Misses the Net. 18:26 of 1st period - Shot by Rasmus Dahlin. 18:26 of 1st period - Shot Misses the Net. 18:34 of 1st period - Shot by Rasmus Dahlin. 18:34 of 1st period - Stopped by Juuse Saros without a rebound. 18:35 of 1st period - Theodor Blueger wins face-off versus Vincent Trocheck in SALEM BLACK JAYS zone. Goals for this period are 0 for SALEM BLACK JAYS vs 1 for BOISE CARIBOUS. Shots for this period are 8 for SALEM BLACK JAYS vs 8 for BOISE CARIBOUS. 2nd period 0:01 of 2nd period - Dylan Larkin wins face-off versus Vincent Trocheck in neutral zone. 0:03 of 2nd period - Off-side. 0:04 of 2nd period - Dylan Larkin wins face-off versus Vincent Trocheck in neutral zone. 0:22 of 2nd period - Minor Penalty to Barrett Hayton for Hooking. 0:23 of 2nd period - Vincent Trocheck wins face-off versus Theodor Blueger in SALEM BLACK JAYS zone. 0:31 of 2nd period - Icing by Rasmus Dahlin. 0:32 of 2nd period - Vincent Trocheck wins face-off versus Theodor Blueger in BOISE CARIBOUS zone. 1:46 of 2nd period - Cody Ceci is hit by Jean-Gabriel Pageau. 1:56 of 2nd period - Joshua Morrissey is hit by Jean-Gabriel Pageau. 2:24 of 2nd period - Shot by Jean-Gabriel Pageau. 2:24 of 2nd period - Stopped by Juuse Saros with a rebound. 3:17 of 2nd period - Icing by Matt Benning. 3:18 of 2nd period - Charlie Coyle wins face-off versus Mathew Barzal in SALEM BLACK JAYS zone. 3:39 of 2nd period - Shot by Rasmus Dahlin. 3:39 of 2nd period - Stopped by Juuse Saros without a rebound. 3:40 of 2nd period - Dylan Larkin wins face-off versus Jean-Gabriel Pageau in SALEM BLACK JAYS zone. 3:48 of 2nd period - Martin Necas is hit by Moritz Seider and loses puck. 4:01 of 2nd period - Shot by Dylan Larkin. 4:01 of 2nd period - Shot Blocked by Moritz Seider. 4:03 of 2nd period - Shot by Dylan Larkin. 4:03 of 2nd period - Stopped by Ilya Sorokin without a rebound. 4:04 of 2nd period - Mathew Barzal wins face-off versus Vincent Trocheck in BOISE CARIBOUS zone. 4:25 of 2nd period - Shot by Mitchell Marner. 4:25 of 2nd period - Stopped by Ilya Sorokin without a rebound. 4:26 of 2nd period - Jean-Gabriel Pageau wins face-off versus Dylan Larkin in BOISE CARIBOUS zone. 4:26 of 2nd period - Artturi Lehkonen is hit by Martin Necas and loses puck. 5:28 of 2nd period - Rasmus Dahlin is hit by Nick Jensen and loses puck. 5:51 of 2nd period - Shot by Vincent Trocheck. 5:51 of 2nd period - Stopped by Juuse Saros without a rebound. 5:52 of 2nd period - Mathew Barzal wins face-off versus Charlie Coyle in SALEM BLACK JAYS zone. 6:08 of 2nd period - Shot by Charlie Coyle. 6:08 of 2nd period - Stopped by Juuse Saros without a rebound. 6:09 of 2nd period - Jesperi Kotkaniemi wins face-off versus Dylan Cozens in SALEM BLACK JAYS zone. 7:01 of 2nd period - Shot by Vincent Trocheck. 7:01 of 2nd period - Deflect By Nick Schmaltz. 7:01 of 2nd period - Stopped by Juuse Saros without a rebound. 7:02 of 2nd period - Mathew Barzal wins face-off versus Vincent Trocheck in SALEM BLACK JAYS zone. 7:26 of 2nd period - Vincent Trocheck is hit by Scott Mayfield and loses puck. 7:46 of 2nd period - Minor Penalty to Scott Mayfield for Elbowing. 7:47 of 2nd period - Theodor Blueger wins face-off versus Jean-Gabriel Pageau in SALEM BLACK JAYS zone. 7:59 of 2nd period - Off-side. 8:00 of 2nd period - Theodor Blueger wins face-off versus Vincent Trocheck in neutral zone. 8:05 of 2nd period - Shot by Martin Necas. 8:05 of 2nd period - Stopped by Ilya Sorokin without a rebound. 8:06 of 2nd period - Vincent Trocheck wins face-off versus Theodor Blueger in BOISE CARIBOUS zone. 8:06 of 2nd period - Vincent Trocheck is hit by Theodor Blueger. 8:09 of 2nd period - Icing by Matt Duchene. 8:10 of 2nd period - Theodor Blueger wins face-off versus Vincent Trocheck in BOISE CARIBOUS zone. 9:12 of 2nd period - Icing by Rasmus Andersson. 9:13 of 2nd period - Jean-Gabriel Pageau wins face-off versus Barrett Hayton in BOISE CARIBOUS zone. 9:34 of 2nd period - Shot by Jean-Gabriel Pageau. 9:34 of 2nd period - Deflect By Nick Schmaltz. 9:34 of 2nd period - Stopped by Juuse Saros without a rebound. 9:35 of 2nd period - Jean-Gabriel Pageau wins face-off versus Barrett Hayton in SALEM BLACK JAYS zone. 9:36 of 2nd period - Shot by Artturi Lehkonen. 9:36 of 2nd period